AoeStats
← uli2099

Nomad

509927941Analyzed
2v2 RM · 5d ago on Sep 28, 2026· 50m 14s· 4 players
Game mode
Random Map
Map size
176×176
Population
200
Speed
Normal
Resources
Standard
Victory
Conquest
Starting age
Dark Age
Ending age
Imperial Age
RankedLock teamsTeams togetherTeam positionsShared explorationLock speedFull tech treeHidden civsTurbo modeCheats
Victory
Defeat
🇩🇪 Persians · Germany
1296
+18
🇮🇹 Wu · Italy
1288
+18
🇩🇪 Spanish · Germany
1332
-18
🇩🇪 Italians · Germany
1332
-18
uli2099
4:50 Loom
12:41 Feudal Age
18:18 Castle Age
17:37 Gold Mining
17:34 Double-Bit Axe
18:30 Bloodlines
23:36 Husbandry
26:56 Wheelbarrow
27:33 Fletching
29:42 Bodkin Arrow
33:30 Bow Saw
38:47 Hand Cart
38:27 Fishing Lines
38:29 Elite Skirmisher
39:55 Masonry
42:41 Horse Collar
45:32 Gillnets
46:48 Gold Shaft Mining
47:58 Ballistics
47:47 Scale Barding Armor
47:53 Forging
51:10 Imperial Age
50:27 Chain Barding Armor
GdR_Salinaro
12:37 Feudal Age
13:25 Double-Bit Axe
22:00 Castle Age
20:14 Fishing Lines
21:17 Stone Mining
21:19 Gold Mining
22:54 Bow Saw
22:45 Loom
23:36 Wheelbarrow
22:47 Town Watch
24:05 Gillnets
26:59 Gold Shaft Mining
27:00 Stone Shaft Mining
27:15 Fletching
28:51 Bodkin Arrow
30:54 Scale Mail Armor
31:04 Forging
36:05 Imperial Age
33:57 Padded Archer Armor
34:40 Horse Collar
35:41 Ballistics
35:32 Masonry
35:17 Murder Holes
36:06 Hand Cart
35:54 Heavy Plow
37:57 Chemistry
36:59 Bracer
37:15 Leather Archer Armor
39:00 Two-Man Saw
38:44 Conscription
38:20 Elite Fire Archer
45:31 Sitting Tiger
49:12 Red Cliffs Tactics
48:50 Demolition Ship
49:20 Heavy Demolition Ship
Frimbolin
6:51 Loom
14:10 Feudal Age
18:02 Castle Age
18:11 Horse Collar
25:38 Padded Archer Armor
26:44 Double-Bit Axe
27:09 Heavy Plow
41:45 Forging
42:07 Medium Warships
Stinky
7:05 Loom
12:23 Feudal Age
13:03 Double-Bit Axe
14:18 Fletching
14:29 Padded Archer Armor
19:03 Castle Age
17:42 Padded Archer Armor
17:32 Horse Collar
21:30 Wheelbarrow
20:48 Town Watch
21:24 Bow Saw
26:36 Leather Archer Armor
27:02 Bodkin Arrow
27:43 Heavy Plow
27:54 Crossbowman
27:54 Elite Skirmisher
33:48 Imperial Age
32:00 Thumb Ring
34:44 Hand Cart
35:30 Ring Archer Armor
35:13 Arbalester
36:09 Gold Mining
36:10 Stone Mining
36:32 Bracer
36:41 Capped Ram
37:43 Stone Mining
38:58 Two-Man Saw
42:03 Bloodlines
41:54 Husbandry
41:15 Cavalier
43:59 Cavalier
45:00 Light Cavalry
46:27 Crop Rotation
46:14 Cavalier
47:02 Scale Barding Armor
46:48 Hussar
49:22 Chain Barding Armor
Connection lost

Rejoining the realm…

Still unreachable

The connection could not be restored.

Session expired

The server has moved on; the page needs a fresh start.